 Dungeon Crawl Stone Soup version 0.29-a0-338-g1ff7896281 (webtiles) character file.

Game seed: 3357465870567582982

1832 Lekart the Ducker (level 8, 0/70 HPs)
             Began as a White Draconian Chaos Knight on Apr 17, 2022.
             Was a Plaything of Xom.
             Slain by a black bear (11 damage)
             ... on level 7 of the Dungeon.
             The game lasted 00:09:57 (6825 turns).

Lekart the Ducker (White Draconian Chaos Knight)    Turns: 6825, Time: 00:09:58

Health: 0/70       AC:  9    Str: 15    XL:     8   Next: 86%
Magic:  8/8        EV: 14    Int: 13    God:    Xom [*.....]
Gold:   229        SH:  0    Dex: 12    Spells: 5/7 levels left

rFire   + + .      SeeInvis .   f - +3 dagger (chaos)
rCold   + . .      Faith    .   (no shield)
rNeg    . . .      Spirit   .   (body armour unavailable)
rPois   .          Reflect  .   (helmet restricted)
rElec   .          Harm     .   k - +2 cloak {Stlth+}
rCorr   .          Rampage  .   (no gloves)
Will    +....                   (no boots)
Stlth   +++++.....              s - amulet of Quph {RegenMP rF++ Stlth+}
HPRegen 0.21/turn               (no ring)
MPRegen 0.51/turn               (no ring)

@: no status effects
A: breathe frost, AC +6, unfitting armour, cold resistance 1, cold-blooded,
talons 2, thin skeletal structure 1, clumsy 1, strong-willed 1
a: Breathe Frost, Renounce Religion


You were on level 7 of the Dungeon.
You worshipped Xom.
You were a special plaything of Xom.
You visited 1 branch of the dungeon, and saw 7 of its levels.

You collected 229 gold pieces.

Inventory:

Hand Weapons
 e - a +3 short sword of flaming
 f - a +3 dagger of chaos (weapon)
Armour
 k - a +2 cloak of stealth (worn)
Jewellery
 a - a +6 ring of dexterity
 o - a ring of positive energy
 r - a +4 ring of evasion
 s - the amulet of Quph (around neck) {RegenMP rF++ Stlth+}
   (Xom gifted it to you on level 6 of the Dungeon)

   [amulet of magic regeneration]

   It increases your rate of magic regeneration.
   rF:        It greatly protects you from fire.
   Stlth:     It makes you more stealthy.
Wands
 c - a wand of flame (8)
 v - a wand of mindburst (21)
Scrolls
 h - a scroll of fog
 i - a scroll of blinking
 l - a scroll of enchant armour
 p - 2 scrolls of fear
 q - 2 scrolls of teleportation
 u - a scroll of amnesia
Potions
 d - a potion of heal wounds
 g - 2 potions of flight
 j - a potion of invisibility
 m - a potion of attraction
 n - a potion of brilliance
 t - a potion of resistance
Miscellaneous
 b - a piece from Xom's chessboard (15/15) (quivered)


   Skills:
 + Level 5.8 Fighting
 + Level 5.8(6.2) Short Blades
 + Level 3.4(5.0) Long Blades
 * Level 7.4 Dodging
 + Level 3.1 Stealth
 * Level 0.1 Transmutations
 * Level 0.1 Earth Magic
 + Level 1.0 Evocations


You had 5 spell levels left.
You knew the following spells:

 Your Spells              Type           Power      Damage    Failure   Level
a - Passwall              Tmut/Erth      0%         N/A       41%         2

Your spell library contained the following spells:

 Spells                   Type           Power      Damage    Failure   Level
 Blink                    Tloc           0%         N/A       43%         2
 Ensorcelled Hibernation  Hex/Ice        0%         N/A       43%         2
 Gell's Gravitas          Tloc           0%         N/A       67%         3
 Lesser Beckoning         Tloc           0%         N/A       67%         3
 Swiftness                Air            0%         N/A       67%         3
 Teleport Other           Tloc           0%         N/A       67%         3
 Blade Hands              Tmut           0%         N/A       100%        5
 Irradiate                Conj/Tmut      0%         3d13      100%        5
 Manifold Assault         Tloc           0%         N/A       100%        5
 Dragon Form              Tmut           0%         N/A       100%        7


Dungeon Overview and Level Annotations

Branches:
Dungeon (7/15)             Temple (0/1) D:5

Altars:
Nemelex Xobeh
Yredelemnul

Annotations:
D:3 2 transporters
D:4 Dowan, Duvessa


Innate Abilities, Weirdness & Mutations

You can breathe waves of freezing cold which knock back foes.
Your icy white scales are hard. (AC +6)
You cannot fit into any form of body armour.
Your flesh is cold resistant. (rC+)
You are cold-blooded and may be slowed by cold attacks.
You have razor-sharp toenails.
You have a somewhat thin skeletal structure. (Dex +2, Stealth+)
You are clumsy. (Dex -2)
You are strong-willed. (Will+)


Message History

The black bear bites you. The black bear barely misses you.
The black bear closely misses you.
The black bear attacks as you move away!
The black bear closely misses you. The black bear claws you.
The black bear closely misses you.
The black bear closely misses you. x2; The black bear claws you.
You closely miss the black bear.
You tail-slap the black bear, but do no damage.
The black bear is heavily wounded.
The orc misses you. The black bear bites you.
The black bear claws you but does no damage.
The black bear barely misses you.
Xom snickers.
Your cloak billows in an unfelt wind.
The black bear barely misses you. The black bear completely misses you.
The black bear claws you but does no damage.
The orc attacks as you move away! The orc hits you with a +0 dagger.
The black bear barely misses you. The black bear closely misses you.
The black bear barely misses you.
The black bear attacks as you move away!
The black bear completely misses you.
The black bear claws you but does no damage.
The black bear misses you. "Tag, you're it!"
The stone staircase leading up slides away from you!
The orc closely misses you. The black bear completely misses you.
The black bear barely misses you.
The black bear claws you but does no damage.
The black bear attacks as you move away!
The black bear bites you!
* * * LOW HITPOINT WARNING * * *
The black bear closely misses you. The black bear barely misses you.
The black bear attacks as you move away!
The black bear bites you but does no damage.
The black bear claws you.
* * * LOW HITPOINT WARNING * * *
The black bear claws you but does no damage.
The black bear bites you!
You die...
Xom bursts into laughter!

∆ #.#.# #.!....#...
#.#.# ###.......... #
#.#.####.........# #.
#.#.#.##!#.....)# ∆ #..
#.........o.....##
#...##.......o.#......#
#..............#...##..#
#...##)..o......)#.# #.#
∆ #..
#<.@h.....##........ #.
####....### ...[.... #
#...## ......... ##!.#
.##..... ∆ #..# .####
#### # ∆


You could see a black bear (berserk), an orc wizard and 2 orcs.

Vanquished Creatures
  A wraith (D:6)
  A steam dragon (D:6)
  A water moccasin (D:6)
  An ice beast (D:4)
  A black bear (D:2)
  A phantom (D:5)
  A bullfrog (D:6)
  A gnoll sergeant (D:5)
  A scorpion (D:5)
  A wight (D:6)
  Crazy Yiuf (D:2)
  A gnoll shaman (D:6)
  3 orc priests
  4 hounds
  4 iguanas
  2 orc wizards (D:4)
  8 adders
  7 gnolls
  A river rat (D:1)
  An ufetubus (D:4)
  A worm (D:4)
  24 orcs
  6 ball pythons
  5 endoplasms
  3 giant cockroaches
  9 goblins
  4 hobgoblins
  3 jackals
  5 quokkas
  A bat (D:2)
  3 frilled lizards
  7 kobolds
  3 rats
116 creatures vanquished.

Vanquished Creatures (collateral kills)
  4 wights (D:6)
  2 gnolls (D:5)
6 creatures vanquished.

Grand Total: 122 creatures vanquished

Notes
Turn   | Place    | Note
-------+----------+-------------------------------------------
     0 | D:1      | Lekart the Draconian Chaos Knight began the quest for the
                  | Orb.
     0 | D:1      | Reached XP level 1. HP: 19/19 MP: 1/1
   761 | D:1      | Reached XP level 2. HP: 26/26 MP: 2/2
   834 | D:1      | XOM: divination: magic mapping
   849 | D:1      | XOM: divination: detect creatures
  1037 | D:1      | XOM: confuse monster(s)
  1335 | D:2      | Noticed Sigmund
  1338 | D:2      | Noticed Sigmund
  1338 | D:2      | Sigmund changed into Sigmund the river rat
  1338 | D:2      | XOM: polymorph Sigmund -> Sigmund the river rat
  1366 | D:1      | HP: 1/27 [Sigmund the river rat (2)]
  1370 | D:1      | XOM: confuse monster(s)
  1420 | D:1      | XOM: confuse monster(s)
  1424 | D:1      | Killed Sigmund the river rat
  1425 | D:1      | Reached XP level 3. HP: 8/33 MP: 3/3
  1745 | D:2      | XOM: silly message
  1813 | D:2      | XOM: noise
  1890 | D:2      | XOM: 2-stop teleportation journey
  2056 | D:2      | Noticed a black bear
  2066 | D:2      | Killed a black bear
  2067 | D:2      | Reached skill level 1 in Short Blades
  2067 | D:2      | Reached skill level 3 in Dodging
  2067 | D:2      | Reached XP level 4. HP: 29/40 MP: 4/4
  2067 | D:2      | Reached XP level 5. HP: 33/46 MP: 5/5
  2293 | D:2      | Found a runed translucent door.
  2294 | D:2      | Noticed Crazy Yiuf
  2303 | D:2      | Killed Crazy Yiuf
  2459 | D:3      | XOM: chaos upgrade
  2570 | D:3      | Found a transporter.
  2594 | D:3      | Found a faded altar of an unknown god.
  2618 | D:3      | Found a transporter.
  2632 | D:3      | Reached skill level 4 in Dodging
  2768 | D:3      | XOM: 6-stop teleportation journey
  3196 | D:4      | XOM: enchant monster (good)
  3215 | D:4      | Reached XP level 6. HP: 36/53 MP: 6/6
  3286 | D:4      | XOM: 4-stop teleportation journey
  3341 | D:4      | XOM: noise
  3363 | D:4      | Reached skill level 1 in Evocations
  3760 | D:4      | Noticed Duvessa
  3760 | D:4      | Noticed Dowan
  3785 | D:5      | Entered Level 5 of the Dungeon
  4000 | D:5      | Reached skill level 5 in Dodging
  4000 | D:5      | Found a basalt altar of Yredelemnul.
  4001 | D:5      | Noticed an ice beast
  4009 | D:5      | XOM: potion effect (might)
  4018 | D:5      | Found a staircase to the Ecumenical Temple.
  4032 | D:4      | XOM: summons friendly quasit
  4033 | D:4      | Killed an ice beast
  4034 | D:4      | Your scales start taking on an icy white colour.
  4034 | D:4      | Reached XP level 7. HP: 31/60 MP: 7/7
  4034 | D:4      | Gained mutation: Your flesh is cold resistant. (rC+) [White
                  | Draconian growth]
  4067 | D:4      | XOM: 2-stop teleportation journey
  4103 | D:4      | XOM: give mutations
  4103 | D:4      | Gained mutation: You have sharp toenails. [Xom's grace]
  4103 | D:4      | Gained mutation: You are strong-willed. (Will+) [Xom's
                  | grace]
  4103 | D:4      | Gained mutation: You have a somewhat thin skeletal
                  | structure. (Dex +2, Stealth+) [Xom's grace]
  4103 | D:4      | Gained mutation: You have razor-sharp toenails. [Xom's
                  | grace]
  4623 | D:4      | XOM: cleaving
  4865 | D:4      | Reached skill level 1 in Stealth
  5125 | D:4      | Reached skill level 5 in Fighting
  5148 | D:4      | XOM: give mutations
  5148 | D:4      | Gained mutation: You are clumsy. (Dex -2) [Xom's mischief]
  5148 | D:4      | Gained mutation: You are dopey. (Int -2) [Xom's mischief]
  5148 | D:4      | Lost mutation: You are dopey. (Int -2) [Xom's mischief]
  5315 | D:5      | XOM: cleaving
  5405 | D:5      | XOM: summons 2 friendly demons
  5414 | D:5      | Reached skill level 6 in Dodging
  5496 | D:5      | XOM: 7-stop teleportation journey
  5552 | D:5      | Noticed a shapeshifter
  5552 | D:5      | an orc priest changed into a shapeshifter
  5552 | D:5      | XOM: polymorph orc priest -> shapeshifter
  5553 | D:5      | Noticed a hornet
  5553 | D:5      | a shapeshifter changed into a hornet
  5554 | D:5      | a hornet changed into a naga
  5856 | D:6      | Reached XP level 8. HP: 30/68 MP: 8/8
  6105 | D:6      | Found a sparkling altar of Nemelex Xobeh.
  6113 | D:6      | Identified the amulet of Quph {RegenMP rF++ Stlth+} (Xom
                  | gifted it to you on level 6 of the Dungeon)
  6113 | D:6      | XOM: god gift: amulet of Quph {RegenMP rF++ Stlth+}
  6267 | D:6      | Learned a level 2 spell: Passwall
  6459 | D:6      | Reached skill level 5 in Short Blades
  6464 | D:6      | Reached skill level 7 in Dodging
  6806 | D:7      | XOM: divination: detect items
  6809 | D:7      | XOM: silly message
  6819 | D:7      | XOM: silly message
  6823 | D:7      | XOM: repel stairs
  6825 | D:7      | Slain by a black bear

Illustrated notes

Levels and vault maps discovered:
D:1:      shiori_arrival_whats_in_store_for_you, layout_loops_ring,
          supply_closet_lemuel
D:2:      layout_rooms, uniq_crazy_yiuf_cottage, uniq_sigmund
D:3:      gammafunk_wand_slinger, layout_loops_ring,
          ebering_ecumenical_altar_sacrificial, minivault_19,
          minmay_misc_feat_tower
D:4:      layout_loops_corners, uniq_duvessa
D:5:      layout_cave_pools, mainiacjoe_overflow_catwalk,
          gammafunk_temple_overflow_elements, temple_fountains
D:6:      layout_loops_cross, mainiacjoe_overflow_tiny_flanked
D:7:      old_forge, layout_rooms, hex_large

Skill      XL: |  1  2  3  4  5  6  7  8 |
---------------+-------------------------+-----
Fighting       | 4 5 |  5.8
Short Blades   | 1 2 3 4 5 |  5.8
Dodging        | 3 4 5 6 7 |  7.4
Evocations     | 1 |  1.0
Stealth        | 1 3 |  3.1
Long Blades    | |  3.4
Transmutations | |  0.1
Earth Magic    | |  0.1

Action                   |  1- 3 |  4- 6 |  7- 9 || total
-------------------------+-------+-------+-------++-------
Melee: Falchion          |    25 |       |       ||    25
       Short sword       |    79 |    61 |       ||   140
       Tailslap          |     9 |    23 |    28 ||    60
       Punch             |     2 |       |     1 ||     3
       Dagger            |       |    99 |   184 ||   283
       Kick              |       |       |    49 ||    49
 Abil: Breathe Frost     |       |       |     2 ||     2
Evoke: Piece from Xom's  |     6 |     1 |       ||     7
  Use: Potion            |     2 |     4 |       ||     6
       Scroll            |     1 |     9 |     5 ||    15
 Stab: Sleeping          |     2 |     3 |     9 ||    14
       Petrified         |     2 |       |       ||     2
       Petrifying        |     1 |       |       ||     1
       Paralysed         |       |     4 |     1 ||     5
       Confused          |       |       |     1 ||     1
Armor: Skin              |    34 |    46 |    89 ||   169
Dodge: Dodged            |    64 |    92 |   153 ||   309

Table legend: (Time is in decaauts)
 A = Elapsed time spent in this place.
 B = Non-inter-level travel time spent in this place.
 C = Inter-level travel time spent in this place.
 D = Time resting spent in this place.
 E = Time spent auto-exploring this place.
 F = Levels seen in this place.
 G = Mean time per level.
                   A        B        C        D        E       F      G
               +--------+--------+--------+--------+--------+-----+--------+
         Total |   6754 |   6500 |    254 |   1067 |   4348 |   7 |  964.9 |
       Dungeon |   6754 |   6500 |    254 |   1067 |   4348 |   7 |  964.9 |
               +--------+--------+--------+--------+--------+-----+--------+

Top non-repeatable levels by time:
     D:4: 1799 daAuts
     D:1: 1669 daAuts
     D:6: 1179 daAuts
     D:2: 783 daAuts
     D:3: 690 daAuts
     D:5: 577 daAuts
     D:7: 53 daAuts
